Panthers vs Blue Jackets
Created - December 14, 2022 at 06:56
Goals
|
| Panthers |
2 |
0 |
2 |
4 |
| Blue Jackets |
0 |
0 |
1 |
1 |
|
Shots
|
| Panthers |
10 |
12 |
15 |
37 |
| Blue Jackets |
1 |
8 |
12 |
21 |
|
1st period
1. Panthers , Anze Kopitar 4 (Alex Goligoski 7, Kris Versteeg 2) at 1:07
2. Panthers , Quinton Howden 2 (Timo Meier 1, Dalton Prout 3) at 18:05
Penalties :
Teuvo Teravainen (Clb) for Tripping (Minor) at 6:20, Shea Theodore (Clb) for Hooking (Minor) at 15:38
2nd period
No Goal
Penalties :
Mikko Rantanen (Clb) for Roughing (Minor) at 8:04, Bobby Ryan (Clb) for Hooking (Minor) at 18:26
3rd period
3. Panthers , Miro Aaltonen 2 (Chris Bourque 3, Kyle Okposo 2) at 15:58
4. Blue Jackets , Jason Zucker 2 (Colton Parayko 5) at 17:22
5. Panthers , Chris Bourque 4 (Miro Aaltonen 4, Kyle Okposo 3) at 18:01
Penalties :
Rickard Rakell (Clb) for Holding (Minor) at 10:31, Alexander Semin (Flo) for Hooking (Minor) at 13:49
Goalie Stats
Jonathan Quick (Flo), 20 saves from 21 shots - (0.952), W, 6-5-1, 60:00 minutes
Michal Neuvirth (Clb), 33 saves from 37 shots - (0.892), L, 7-10-0, 60:00 minutes
Players Stats for Panthers
Player Name G A P +/- PIM S H SB GA TA FO MP PP MP PK MP
------------------------------------------------------------------------------------
Alex Goligoski 0 1 1 2 0 6 0 1 0 1 0/0 29:21 5:41 1:08
Alex Iafallo 0 0 0 0 0 2 2 0 0 1 0/0 7:41 0:00 0:47
Alexander Semin 0 0 0 1 2 1 1 0 1 1 0/0 23:07 6:10 0:00
Anze Kopitar 1 0 1 1 0 7 4 1 2 0 15/29 24:09 6:10 1:01
Beau Bennett 0 0 0 0 0 1 0 0 0 1 0/0 6:54 0:00 0:00
Chris Bourque 1 1 2 2 0 3 0 0 0 0 0/2 17:26 3:45 0:00
Dalton Prout 0 1 1 0 0 1 1 1 0 0 0/0 20:29 3:43 0:51
Elias Lindholm 0 0 0 0 0 0 1 0 0 1 2/4 6:54 0:00 0:00
Erik Gudbranson 0 0 0 2 0 2 3 3 1 1 0/0 29:21 5:41 1:08
Griffin Reinhart 0 0 0 1 0 0 0 2 0 0 0/0 10:10 0:31 0:00
Kris Versteeg 0 1 1 1 0 2 0 1 1 0 2/3 24:09 6:10 1:01
Kyle Okposo 0 2 2 2 0 1 1 0 0 0 0/1 17:59 3:45 0:33
Marek Svatos 0 0 0 0 0 0 2 0 0 0 0/0 10:33 0:00 0:00
Miro Aaltonen 1 1 2 2 0 3 1 0 0 0 11/17 17:26 3:45 0:00
Morgan Ellis 0 0 0 1 0 0 0 1 0 1 0/0 10:10 0:31 0:00
Niklas Hansson 0 0 0 0 0 4 1 2 1 0 0/0 20:29 3:43 0:51
Quinton Howden 1 0 1 0 0 2 2 1 0 1 3/5 10:33 0:00 0:00
Timo Meier 0 1 1 0 0 2 3 0 0 0 0/1 11:09 0:00 0:36
Players Stats for Blue Jackets
Player Name G A P +/- PIM S H SB GA TA FO MP PP MP PK MP
------------------------------------------------------------------------------------
Ben Chiarot 0 0 0 0 0 0 1 1 0 1 0/0 14:24 0:00 0:00
Bobby Ryan 0 0 0 -2 2 0 3 0 0 0 1/2 18:27 0:55 2:43
Bryce Lampman 0 0 0 -3 0 0 0 1 4 2 0/0 19:39 0:41 3:39
Colton Parayko 0 1 1 0 0 1 0 1 0 1 0/0 25:57 1:18 6:16
Fabian Brunnstrom 0 0 0 0 0 0 0 0 0 0 0/0 2:20 0:00 0:37
Jake McCabe 0 0 0 -3 0 0 1 3 0 0 0/0 19:39 0:41 3:39
Jason Zucker 1 0 1 -1 0 3 1 0 0 0 0/0 14:15 0:00 1:56
Mike Richards 0 0 0 -1 0 1 1 1 0 0 10/12 12:51 0:00 0:27
Mikko Rantanen 0 0 0 -1 2 4 1 0 1 0 0/1 12:10 0:00 0:00
Nicklas Backstrom 0 0 0 0 0 1 2 0 0 1 14/33 26:26 1:04 5:39
Rickard Rakell 0 0 0 -2 2 2 0 0 0 1 0/0 15:35 0:55 0:00
Riley Sheahan 0 0 0 0 0 2 1 1 0 0 0/1 22:22 1:04 6:06
Sean Monahan 0 0 0 -2 0 2 0 0 2 0 4/8 15:23 0:55 0:00
Shea Theodore 0 0 0 0 2 0 0 0 0 0 0/0 14:30 0:00 0:00
Teuvo Teravainen 0 0 0 0 2 2 3 1 0 0 0/3 18:57 1:04 2:22
Travis Hamonic 0 0 0 0 0 0 1 1 0 0 0/0 25:57 1:18 6:16
William Karlsson 0 0 0 0 0 2 1 0 1 0 0/2 5:34 0:00 0:00
Zac Rinaldo 0 0 0 0 0 1 1 0 0 0 0/0 5:34 0:00 0:00
3 Stars
1 - Miro Aaltonen (Flo)
2 - Chris Bourque (Flo)
3 - Anze Kopitar (Flo)
Power Play
Panthers - 0 on 5 Attempt(s) - 0.00%
Blue Jackets - 0 on 1 Attempt(s) - 0.00%
Penalty Kill
Panthers - 1 on 1 Attempt(s) - 100.00%
- Score 0 goal in Penalty Kill
Blue Jackets - 5 on 5 Attempt(s) - 100.00%
- Score 0 goal in Penalty Kill
Team Stat
Panthers - Hits : 22 - Faceoff Wins : 33 - Blocked Shots : 13 - Penalty Minutes : 2
Blue Jackets - Hits : 17 - Faceoff Wins : 29 - Blocked Shots : 10 - Penalty Minutes : 10
Official
Referees : Jon McIsaac and Kyle Rehman
Linesman : Michel Cormier and Ryan Gibbons
Game Notes
No Game Note
Finance
Level 1 -- Attendance: 6000 (100.00%) -- Ticket Income $600,000
Level 2 -- Attendance: 5000 (100.00%) -- Ticket Income $300,000
Level 3 -- Attendance: 2000 (100.00%) -- Ticket Income $70,000
Level 4 -- Attendance: 3927 (98.18%) -- Ticket Income $98,175
Luxury Box -- Attendance: 885 (88.50%) -- Ticket Income $177,000
Game was played at the Nationwide arena.
Total Attendance: 17812 (98.96%)
Total Ticket Income: $1,245,175
Other Income: $186,776
Total Income: $1,431,951
Panthers
5 vs 5 Forward
Center Left Wing Right Wing Time % Phy DF OF
1 Anze Kopitar Alexander Semin Kris Versteeg 40 1 2 2
2 Miro Aaltonen Chris Bourque Kyle Okposo 30 1 2 2
3 Quinton Howden Timo Meier Marek Svatos 20 1 2 2
4 Elias Lindholm Alex Iafallo Beau Bennett 10 1 2 2
5 vs 5 Defense
Defense Defense Time % Phy DF OF
1 Erik Gudbranson Alex Goligoski 40 1 2 2
2 Dalton Prout Niklas Hansson 30 1 2 2
3 Morgan Ellis Griffin Reinhart 20 1 2 2
4 Erik Gudbranson Alex Goligoski 10 1 2 2
PowerPlay Forward
Center Left Wing Right Wing Time % Phy DF OF
1 Anze Kopitar Alexander Semin Kris Versteeg 60 1 2 2
2 Miro Aaltonen Chris Bourque Kyle Okposo 40 1 2 2
PowerPlay Defense
Defense Defense Time % Phy DF OF
1 Erik Gudbranson Alex Goligoski 60 1 2 2
2 Dalton Prout Niklas Hansson 40 1 2 2
Penalty Kill 4 Players Forward
Center Wing Time % Phy DF OF
1 Anze Kopitar Kris Versteeg 60 1 2 2
2 Kyle Okposo Alexander Semin 40 1 2 2
Penalty Kill 4 Players Defense
Defense Defense Time % Phy DF OF
1 Erik Gudbranson Alex Goligoski 60 1 2 2
2 Dalton Prout Niklas Hansson 40 1 2 2
Penalty Kill - 3 Players Forward
Forward Time % Phy DF OF
1 Anze Kopitar 60 1 2 2
2 Kris Versteeg 40 1 2 2
Penalty Kill - 3 Players Defense
Defense Defense Time % Phy DF OF
1 Erik Gudbranson Alex Goligoski 60 1 2 2
2 Dalton Prout Niklas Hansson 40 1 2 2
4 vs 4 Forward
Center Wing Time % Phy DF OF
1 Anze Kopitar Kris Versteeg 60 1 2 2
2 Kyle Okposo Alexander Semin 40 1 2 2
4 vs 4 Defense
Defense Defense Time % Phy DF OF
1 Erik Gudbranson Alex Goligoski 60 1 2 2
2 Dalton Prout Niklas Hansson 40 1 2 2
Last Minutes Offensive
Center Left Wing Right Wing Defense Defense
Anze Kopitar Alexander Semin Kris Versteeg Erik Gudbranson Alex Goligoski
Last Minutes Defensive
Center Left Wing Right Wing Defense Defense
Anze Kopitar Alexander Semin Kris Versteeg Erik Gudbranson Alex Goligoski
Goaltenders
Starting : Jonathan Quick
Backup : Ville Husso
Extra Forwards
Normal : Marek Svatos, Beau Bennett, Timo Meier - PP : Marek Svatos, Beau Bennett - PK : Timo Meier
Extra Defensemen
Normal : Morgan Ellis, Griffin Reinhart, Dalton Prout - PP : Morgan Ellis - PK : Griffin Reinhart, Dalton Prout
Penalty Shots
Anze Kopitar, Kris Versteeg, Kyle Okposo, Alexander Semin, Miro Aaltonen
Scratches
Cameron Gaunce (Broken Left Thumb Injury)
Blue Jackets
5 vs 5 Forward
Center Left Wing Right Wing Time % Phy DF OF
1 Nicklas Backstrom Teuvo Teravainen Riley Sheahan 40 1 2 2
2 Sean Monahan Rickard Rakell Bobby Ryan 30 1 2 2
3 Mike Richards Jason Zucker Mikko Rantanen 20 1 2 2
4 William Karlsson Zac Rinaldo Nicklas Backstrom 10 1 2 2
5 vs 5 Defense
Defense Defense Time % Phy DF OF
1 Travis Hamonic Colton Parayko 40 1 2 2
2 Bryce Lampman Jake McCabe 30 1 2 2
3 Ben Chiarot Shea Theodore 20 1 2 2
4 Travis Hamonic Colton Parayko 10 1 2 2
PowerPlay Forward
Center Left Wing Right Wing Time % Phy DF OF
1 Nicklas Backstrom Teuvo Teravainen Riley Sheahan 60 1 2 2
2 Sean Monahan Rickard Rakell Bobby Ryan 40 1 2 2
PowerPlay Defense
Defense Defense Time % Phy DF OF
1 Travis Hamonic Colton Parayko 60 1 2 2
2 Bryce Lampman Jake McCabe 40 1 2 2
Penalty Kill 4 Players Forward
Center Wing Time % Phy DF OF
1 Nicklas Backstrom Riley Sheahan 60 1 2 2
2 Bobby Ryan Teuvo Teravainen 40 1 2 2
Penalty Kill 4 Players Defense
Defense Defense Time % Phy DF OF
1 Travis Hamonic Colton Parayko 60 1 2 2
2 Bryce Lampman Jake McCabe 40 1 2 2
Penalty Kill - 3 Players Forward
Forward Time % Phy DF OF
1 Nicklas Backstrom 60 1 2 2
2 Riley Sheahan 40 1 2 2
Penalty Kill - 3 Players Defense
Defense Defense Time % Phy DF OF
1 Travis Hamonic Colton Parayko 60 1 2 2
2 Bryce Lampman Jake McCabe 40 1 2 2
4 vs 4 Forward
Center Wing Time % Phy DF OF
1 Nicklas Backstrom Riley Sheahan 60 1 2 2
2 Bobby Ryan Teuvo Teravainen 40 1 2 2
4 vs 4 Defense
Defense Defense Time % Phy DF OF
1 Travis Hamonic Colton Parayko 60 1 2 2
2 Bryce Lampman Jake McCabe 40 1 2 2
Last Minutes Offensive
Center Left Wing Right Wing Defense Defense
Nicklas Backstrom Teuvo Teravainen Riley Sheahan Travis Hamonic Colton Parayko
Last Minutes Defensive
Center Left Wing Right Wing Defense Defense
Nicklas Backstrom Teuvo Teravainen Riley Sheahan Travis Hamonic Colton Parayko
Goaltenders
Starting : Michal Neuvirth
Backup : Cam Talbot
Extra Forwards
Normal : Fabian Brunnstrom, Mike Richards, Jason Zucker - PP : Fabian Brunnstrom, Mike Richards - PK : Jason Zucker
Extra Defensemen
Normal : Ben Chiarot, Shea Theodore, Bryce Lampman - PP : Ben Chiarot - PK : Shea Theodore, Bryce Lampman
Penalty Shots
Nicklas Backstrom, Riley Sheahan, Bobby Ryan, Teuvo Teravainen, Sean Monahan
Scratches
Vince Hinostroza (Healthy)
% Time on Ice - Panthers
Lines # - Real PCT - Wanted PCT - Time Play
Normal Forward
1 - 35% - 40% - 16:58
2 - 28% - 30% - 13:41
3 - 22% - 20% - 10:33
4 - 14% - 10% - 6:54
Normal Defense
1 - 39% - 40% - 18:55
2 - 33% - 30% - 15:55
3 - 20% - 20% - 9:39
4 - 8% - 10% - 3:37
PP Forward
1 - 62% - 60% - 6:10
2 - 38% - 40% - 3:45
PP Defense
1 - 63% - 60% - 6:12
2 - 37% - 40% - 3:43
PK Forward
1 - 72% - 60% - 1:26
2 - 28% - 40% - 0:33
PK Defense
1 - 57% - 60% - 1:08
2 - 43% - 40% - 0:51
PK3 Forward
1 - 0% - 60%
2 - 0% - 40%
PK3 Defense
1 - 0% - 60%
2 - 0% - 40%
44 Forward
1 - 0% - 60%
2 - 0% - 40%
44 Defense
1 - 0% - 60%
2 - 0% - 40%
Last Minute Offensive - 0:00
Last Minute Defensive - 0:00
Total
Forward - 60:00
Defense - 60:00
|
% Time on Ice - Blue Jackets
Lines # - Real PCT - Wanted PCT - Time Play
Normal Forward
1 - 32% - 40% - 15:32
2 - 31% - 30% - 14:49
3 - 25% - 20% - 12:11
4 - 12% - 10% - 5:34
Normal Defense
1 - 37% - 40% - 17:59
2 - 32% - 30% - 15:19
3 - 30% - 20% - 14:24
4 - 1% - 10% - 0:24
PP Forward
1 - 54% - 60% - 1:04
2 - 46% - 40% - 0:55
PP Defense
1 - 66% - 60% - 1:18
2 - 34% - 40% - 0:41
PK Forward
1 - 69% - 60% - 6:49
2 - 31% - 40% - 3:06
PK Defense
1 - 63% - 60% - 6:16
2 - 37% - 40% - 3:39
PK3 Forward
1 - 0% - 60%
2 - 0% - 40%
PK3 Defense
1 - 0% - 60%
2 - 0% - 40%
44 Forward
1 - 0% - 60%
2 - 0% - 40%
44 Defense
1 - 0% - 60%
2 - 0% - 40%
Last Minute Offensive - 0:00
Last Minute Defensive - 0:00
Total
Forward - 60:00
Defense - 60:00
|
Play-by-Play
1st period
0:01 of 1st period - Anze Kopitar wins face-off versus Nicklas Backstrom in neutral zone.
0:13 of 1st period - Icing by Alexander Semin.
0:14 of 1st period - Sean Monahan wins face-off versus Anze Kopitar in Panthers zone.
0:17 of 1st period - Snap shot by Bobby Ryan.
0:17 of 1st period - Shot Misses the Net.
0:25 of 1st period - Slapshot by Alex Goligoski.
0:25 of 1st period - Shot Blocked by Jake McCabe.
1:01 of 1st period - Wrist shot by Anze Kopitar.
1:01 of 1st period - Stopped by Michal Neuvirth with a rebound.
1:07 of 1st period - Slapshot by Anze Kopitar.
1:07 of 1st period - Goal by Anze Kopitar - Panthers : 1 - Blue Jackets : 0.
1:08 of 1st period - Mike Richards wins face-off versus Miro Aaltonen in neutral zone.
1:19 of 1st period - Slapshot by Miro Aaltonen.
1:19 of 1st period - Shot Misses the Net.
1:25 of 1st period - Slapshot by Miro Aaltonen.
1:25 of 1st period - Shot Misses the Net.
2:00 of 1st period - Morgan Ellis is hit by Teuvo Teravainen and loses puck.
3:18 of 1st period - Slapshot by Alex Goligoski.
3:18 of 1st period - Stopped by Michal Neuvirth without a rebound.
3:19 of 1st period - Miro Aaltonen wins face-off versus Mike Richards in Blue Jackets zone.
3:46 of 1st period - Bryce Lampman is hit by Timo Meier and loses puck.
4:33 of 1st period - Snap shot by Beau Bennett.
4:33 of 1st period - Deflect By Colton Parayko.
4:33 of 1st period - Shot Blocked by Colton Parayko.
4:33 of 1st period - Puck is out of play.
4:34 of 1st period - Miro Aaltonen wins face-off versus Teuvo Teravainen in Blue Jackets zone.
4:35 of 1st period - Slapshot by Alex Goligoski.
4:35 of 1st period - Stopped by Michal Neuvirth with a rebound.
5:05 of 1st period - Ben Chiarot is hit by Quinton Howden and loses puck.
5:22 of 1st period - Anze Kopitar is hit by Mike Richards and loses puck.
5:41 of 1st period - Nicklas Backstrom is hit by Alex Iafallo and loses puck.
5:50 of 1st period - Snap shot by Alex Iafallo.
5:50 of 1st period - Stopped by Michal Neuvirth with a rebound.
5:52 of 1st period - Slapshot by Niklas Hansson.
5:52 of 1st period - Stopped by Michal Neuvirth without a rebound.
5:53 of 1st period - Miro Aaltonen wins face-off versus Sean Monahan in Blue Jackets zone.
6:17 of 1st period - Icing by Dalton Prout.
6:18 of 1st period - Nicklas Backstrom wins face-off versus Anze Kopitar in Panthers zone.
6:20 of 1st period - Minor Penalty to Teuvo Teravainen for Tripping.
6:21 of 1st period - Nicklas Backstrom wins face-off versus Anze Kopitar in Blue Jackets zone.
6:47 of 1st period - Nicklas Backstrom is hit by Kyle Okposo and loses puck.
8:20 of 1st period - Penalty to Teuvo Teravainen is over, Teuvo Teravainen is back on ice.
9:21 of 1st period - Slapshot by Teuvo Teravainen.
9:21 of 1st period - Shot Misses the Net.
10:51 of 1st period - Timo Meier is hit by Ben Chiarot and loses puck.
11:20 of 1st period - Wrist shot by Beau Bennett.
11:20 of 1st period - Shot Blocked by Jake McCabe.
11:30 of 1st period - Jake McCabe is hit by Anze Kopitar and loses puck.
11:43 of 1st period - Rickard Rakell is hit by Quinton Howden and loses puck.
12:12 of 1st period - Colton Parayko is hit by Elias Lindholm and loses puck.
12:21 of 1st period - Slapshot by William Karlsson.
12:21 of 1st period - Stopped by Jonathan Quick with a rebound.
12:31 of 1st period - Kris Versteeg is hit by Teuvo Teravainen and loses puck.
12:53 of 1st period - Wrist shot by Quinton Howden.
12:53 of 1st period - Stopped by Michal Neuvirth with a rebound.
13:11 of 1st period - Teuvo Teravainen is hit by Miro Aaltonen and loses puck.
13:29 of 1st period - Off-side.
13:30 of 1st period - Elias Lindholm wins face-off versus William Karlsson in neutral zone.
13:37 of 1st period - Slapshot by Colton Parayko.
13:37 of 1st period - Deflect By William Karlsson.
13:37 of 1st period - Shot Misses the Net.
13:37 of 1st period - Puck is out of play.
13:38 of 1st period - Anze Kopitar wins face-off versus Nicklas Backstrom in Panthers zone.
13:40 of 1st period - Icing by Alexander Semin.
13:41 of 1st period - Anze Kopitar wins face-off versus Nicklas Backstrom in Panthers zone.
13:48 of 1st period - Slapshot by Anze Kopitar.
13:48 of 1st period - Stopped by Michal Neuvirth without a rebound.
13:49 of 1st period - Anze Kopitar wins face-off versus Nicklas Backstrom in Blue Jackets zone.
14:47 of 1st period - Chris Bourque is hit by Mikko Rantanen and loses puck.
15:38 of 1st period - Minor Penalty to Shea Theodore for Hooking.
15:39 of 1st period - Anze Kopitar wins face-off versus Riley Sheahan in Blue Jackets zone.
15:40 of 1st period - Snap shot by Alexander Semin.
15:40 of 1st period - Shot Blocked by Travis Hamonic.
16:34 of 1st period - Nicklas Backstrom is hit by Anze Kopitar.
17:38 of 1st period - Penalty to Shea Theodore is over, Shea Theodore is back on ice.
17:57 of 1st period - Icing by Marek Svatos.
17:58 of 1st period - Bobby Ryan wins face-off versus Timo Meier in Panthers zone.
18:05 of 1st period - Snap shot by Quinton Howden.
18:05 of 1st period - Deflect By Rickard Rakell.
18:05 of 1st period - Goal by Quinton Howden - Panthers : 2 - Blue Jackets : 0.
18:06 of 1st period - Anze Kopitar wins face-off versus Nicklas Backstrom in neutral zone.
18:15 of 1st period - Snap shot by Kris Versteeg.
18:15 of 1st period - Stopped by Michal Neuvirth without a rebound.
18:16 of 1st period - Anze Kopitar wins face-off versus Nicklas Backstrom in Blue Jackets zone.
18:46 of 1st period - Off-side.
18:47 of 1st period - Sean Monahan wins face-off versus Chris Bourque in neutral zone.
19:44 of 1st period - Snap shot by Alexander Semin.
19:44 of 1st period - Shot Blocked by Teuvo Teravainen.
19:58 of 1st period - Slapshot by Jake McCabe.
19:58 of 1st period - Shot Blocked by Griffin Reinhart.
Goals for this period are 2 for Panthers vs 0 for Blue Jackets.
Shots for this period are 10 for Panthers vs 1 for Blue Jackets.
2nd period
0:01 of 2nd period - Anze Kopitar wins face-off versus Teuvo Teravainen in neutral zone.
0:07 of 2nd period - Off-side.
0:08 of 2nd period - Anze Kopitar wins face-off versus Nicklas Backstrom in neutral zone.
0:41 of 2nd period - Snap shot by Nicklas Backstrom.
0:41 of 2nd period - Shot Misses the Net.
0:43 of 2nd period - Snap shot by Travis Hamonic.
0:43 of 2nd period - Deflect By Riley Sheahan.
0:43 of 2nd period - Shot Blocked by Kris Versteeg.
0:43 of 2nd period - Puck is out of play.
0:44 of 2nd period - Sean Monahan wins face-off versus Miro Aaltonen in Panthers zone.
0:51 of 2nd period - Wrist shot by Sean Monahan.
0:51 of 2nd period - Shot Misses the Net.
0:53 of 2nd period - Backhand shot by Bobby Ryan.
0:53 of 2nd period - Shot Blocked by Erik Gudbranson.
0:55 of 2nd period - Slapshot by Bryce Lampman.
0:55 of 2nd period - Shot Misses the Net.
0:57 of 2nd period - Snap shot by Rickard Rakell.
0:57 of 2nd period - Stopped by Jonathan Quick without a rebound.
0:58 of 2nd period - Mike Richards wins face-off versus Miro Aaltonen in Panthers zone.
0:59 of 2nd period - Snap shot by Jason Zucker.
0:59 of 2nd period - Stopped by Jonathan Quick without a rebound.
1:00 of 2nd period - Mike Richards wins face-off versus Miro Aaltonen in Panthers zone.
1:03 of 2nd period - Snap shot by Jason Zucker.
1:03 of 2nd period - Stopped by Jonathan Quick with a rebound.
1:08 of 2nd period - Off-side.
1:09 of 2nd period - Nicklas Backstrom wins face-off versus Anze Kopitar in neutral zone.
1:23 of 2nd period - Slapshot by Alexander Semin.
1:23 of 2nd period - Shot Misses the Net.
1:39 of 2nd period - Slapshot by Alex Goligoski.
1:39 of 2nd period - Deflect By Sean Monahan.
1:39 of 2nd period - Stopped by Michal Neuvirth with a rebound.
1:41 of 2nd period - Wrist shot by Miro Aaltonen.
1:41 of 2nd period - Stopped by Michal Neuvirth with a rebound.
2:45 of 2nd period - Snap shot by Kris Versteeg.
2:45 of 2nd period - Shot Blocked by Jake McCabe.
2:47 of 2nd period - Snap shot by Alexander Semin.
2:47 of 2nd period - Shot Misses the Net.
2:49 of 2nd period - Snap shot by Anze Kopitar.
2:49 of 2nd period - Shot Misses the Net.
2:51 of 2nd period - Wrist shot by Alex Goligoski.
2:51 of 2nd period - Stopped by Michal Neuvirth with a rebound.
2:53 of 2nd period - Wrist shot by Anze Kopitar.
2:53 of 2nd period - Shot Blocked by Bryce Lampman.
3:34 of 2nd period - Off-side.
3:35 of 2nd period - Mike Richards wins face-off versus Anze Kopitar in neutral zone.
3:37 of 2nd period - Off-side.
3:38 of 2nd period - Mike Richards wins face-off versus Anze Kopitar in neutral zone.
4:19 of 2nd period - Snap shot by Teuvo Teravainen.
4:19 of 2nd period - Shot Blocked by Alex Goligoski.
4:21 of 2nd period - Slapshot by Riley Sheahan.
4:21 of 2nd period - Stopped by Jonathan Quick with a rebound.
4:51 of 2nd period - Erik Gudbranson is hit by William Karlsson and loses puck.
5:20 of 2nd period - Alexander Semin is hit by Teuvo Teravainen and loses puck.
5:41 of 2nd period - Snap shot by Anze Kopitar.
5:41 of 2nd period - Stopped by Michal Neuvirth with a rebound.
5:55 of 2nd period - Anze Kopitar is hit by Jake McCabe and loses puck.
6:06 of 2nd period - Snap shot by Sean Monahan.
6:06 of 2nd period - Shot Misses the Net.
6:36 of 2nd period - Wrist shot by Anze Kopitar.
6:36 of 2nd period - Stopped by Michal Neuvirth without a rebound.
6:37 of 2nd period - Nicklas Backstrom wins face-off versus Quinton Howden in Blue Jackets zone.
6:44 of 2nd period - Snap shot by Nicklas Backstrom.
6:44 of 2nd period - Deflect By Riley Sheahan.
6:44 of 2nd period - Stopped by Jonathan Quick without a rebound.
6:45 of 2nd period - Quinton Howden wins face-off versus Teuvo Teravainen in Panthers zone.
7:45 of 2nd period - Snap shot by Timo Meier.
7:45 of 2nd period - Stopped by Michal Neuvirth without a rebound.
7:46 of 2nd period - Mike Richards wins face-off versus Kyle Okposo in Blue Jackets zone.
8:04 of 2nd period - Minor Penalty to Mikko Rantanen for Roughing.
8:05 of 2nd period - Anze Kopitar wins face-off versus Nicklas Backstrom in Blue Jackets zone.
8:06 of 2nd period - Snap shot by Kris Versteeg.
8:06 of 2nd period - Stopped by Michal Neuvirth without a rebound.
8:07 of 2nd period - Anze Kopitar wins face-off versus Nicklas Backstrom in Blue Jackets zone.
8:22 of 2nd period - Wrist shot by Kris Versteeg.
8:22 of 2nd period - Deflect By Alexander Semin.
8:22 of 2nd period - Stopped by Michal Neuvirth with a rebound.
8:24 of 2nd period - Snap shot by Anze Kopitar.
8:24 of 2nd period - Stopped by Michal Neuvirth without a rebound.
8:25 of 2nd period - Miro Aaltonen wins face-off versus Nicklas Backstrom in Blue Jackets zone.
8:32 of 2nd period - Wrist shot by Kyle Okposo.
8:32 of 2nd period - Shot Misses the Net.
10:04 of 2nd period - Penalty to Mikko Rantanen is over, Mikko Rantanen is back on ice.
10:09 of 2nd period - Shea Theodore is hit by Anze Kopitar and loses puck.
10:40 of 2nd period - Jason Zucker is hit by Alex Iafallo and loses puck.
11:04 of 2nd period - Off-side.
11:05 of 2nd period - Elias Lindholm wins face-off versus Sean Monahan in neutral zone.
11:12 of 2nd period - Dalton Prout is hit by Bobby Ryan and loses puck.
11:53 of 2nd period - Icing by Riley Sheahan.
11:54 of 2nd period - Nicklas Backstrom wins face-off versus Anze Kopitar in Blue Jackets zone.
12:29 of 2nd period - Wrist shot by Teuvo Teravainen.
12:29 of 2nd period - Shot Misses the Net.
13:21 of 2nd period - Wrist shot by Alexander Semin.
13:21 of 2nd period - Shot Misses the Net.
13:23 of 2nd period - Snap shot by Alexander Semin.
13:23 of 2nd period - Shot Misses the Net.
14:09 of 2nd period - Snap shot by Anze Kopitar.
14:09 of 2nd period - Shot Misses the Net.
14:11 of 2nd period - Wrist shot by Alexander Semin.
14:11 of 2nd period - Shot Blocked by Ben Chiarot.
14:13 of 2nd period - Slapshot by Erik Gudbranson.
14:13 of 2nd period - Deflect By Anze Kopitar.
14:13 of 2nd period - Shot Misses the Net.
14:13 of 2nd period - Puck is out of play.
14:14 of 2nd period - Miro Aaltonen wins face-off versus Sean Monahan in Blue Jackets zone.
14:41 of 2nd period - Snap shot by Mikko Rantanen.
14:41 of 2nd period - Stopped by Jonathan Quick without a rebound.
14:42 of 2nd period - Quinton Howden wins face-off versus Mikko Rantanen in Panthers zone.
14:56 of 2nd period - Jason Zucker is hit by Timo Meier and loses puck.
16:12 of 2nd period - Snap shot by Travis Hamonic.
16:12 of 2nd period - Deflect By Zac Rinaldo.
16:12 of 2nd period - Deflect By Morgan Ellis.
16:12 of 2nd period - Stopped by Jonathan Quick without a rebound.
16:13 of 2nd period - Mike Richards wins face-off versus Miro Aaltonen in Panthers zone.
16:14 of 2nd period - Wrist shot by Mikko Rantanen.
16:14 of 2nd period - Stopped by Jonathan Quick with a rebound.
16:20 of 2nd period - Slapshot by Dalton Prout.
16:20 of 2nd period - Shot Misses the Net.
16:22 of 2nd period - Slapshot by Niklas Hansson.
16:22 of 2nd period - Deflect By Mike Richards.
16:22 of 2nd period - Stopped by Michal Neuvirth with a rebound.
16:24 of 2nd period - Slapshot by Niklas Hansson.
16:24 of 2nd period - Stopped by Michal Neuvirth with a rebound.
16:26 of 2nd period - Snap shot by Miro Aaltonen.
16:26 of 2nd period - Shot Misses the Net.
16:51 of 2nd period - Marek Svatos is hit by Zac Rinaldo and loses puck.
16:56 of 2nd period - Snap shot by Zac Rinaldo.
16:56 of 2nd period - Shot Hit the Post.
17:33 of 2nd period - Snap shot by Chris Bourque.
17:33 of 2nd period - Shot Blocked by Mike Richards.
18:26 of 2nd period - Minor Penalty to Bobby Ryan for Hooking.
18:27 of 2nd period - Nicklas Backstrom wins face-off versus Anze Kopitar in Blue Jackets zone.
18:27 of 2nd period - Nicklas Backstrom is hit by Erik Gudbranson.
18:50 of 2nd period - Icing by Erik Gudbranson.
18:51 of 2nd period - Anze Kopitar wins face-off versus Nicklas Backstrom in Panthers zone.
19:45 of 2nd period - Wrist shot by Anze Kopitar.
19:45 of 2nd period - Shot Blocked by Riley Sheahan.
19:47 of 2nd period - Slapshot by Alex Goligoski.
19:47 of 2nd period - Shot Misses the Net.
19:49 of 2nd period - Snap shot by Anze Kopitar.
19:49 of 2nd period - Stopped by Michal Neuvirth without a rebound.
19:50 of 2nd period - Nicklas Backstrom wins face-off versus Miro Aaltonen in Blue Jackets zone.
Goals for this period are 0 for Panthers vs 0 for Blue Jackets.
Shots for this period are 12 for Panthers vs 8 for Blue Jackets.
3rd period
0:01 of 3rd period - Nicklas Backstrom wins face-off versus Anze Kopitar in neutral zone.
0:10 of 3rd period - Slapshot by Travis Hamonic.
0:10 of 3rd period - Shot Blocked by Erik Gudbranson.
0:12 of 3rd period - Slapshot by Colton Parayko.
0:12 of 3rd period - Shot Misses the Net.
0:14 of 3rd period - Slapshot by Colton Parayko.
0:14 of 3rd period - Stopped by Jonathan Quick without a rebound.
0:15 of 3rd period - Nicklas Backstrom wins face-off versus Anze Kopitar in Panthers zone.
0:16 of 3rd period - Snap shot by Riley Sheahan.
0:16 of 3rd period - Shot Misses the Net.
0:26 of 3rd period - Penalty to Bobby Ryan is over, Bobby Ryan is back on ice.
0:49 of 3rd period - Slapshot by Mikko Rantanen.
0:49 of 3rd period - Stopped by Jonathan Quick without a rebound.
0:50 of 3rd period - Anze Kopitar wins face-off versus Nicklas Backstrom in Panthers zone.
1:29 of 3rd period - Wrist shot by Miro Aaltonen.
1:29 of 3rd period - Shot Misses the Net.
1:43 of 3rd period - Timo Meier is hit by Jason Zucker and loses puck.
1:50 of 3rd period - Mikko Rantanen is hit by Marek Svatos and loses puck.
2:31 of 3rd period - Slapshot by Rickard Rakell.
2:31 of 3rd period - Stopped by Jonathan Quick with a rebound.
2:37 of 3rd period - Bryce Lampman is hit by Anze Kopitar and loses puck.
2:48 of 3rd period - Backhand shot by Timo Meier.
2:48 of 3rd period - Stopped by Michal Neuvirth without a rebound.
2:49 of 3rd period - Mike Richards wins face-off versus Quinton Howden in Blue Jackets zone.
2:56 of 3rd period - Wrist shot by Mikko Rantanen.
2:56 of 3rd period - Shot Misses the Net.
3:06 of 3rd period - Slapshot by Jason Zucker.
3:06 of 3rd period - Shot Blocked by Niklas Hansson.
3:26 of 3rd period - Snap shot by Chris Bourque.
3:26 of 3rd period - Stopped by Michal Neuvirth with a rebound.
3:28 of 3rd period - Slapshot by Dalton Prout.
3:28 of 3rd period - Stopped by Michal Neuvirth without a rebound.
3:29 of 3rd period - Sean Monahan wins face-off versus Anze Kopitar in Blue Jackets zone.
3:36 of 3rd period - Slapshot by Sean Monahan.
3:36 of 3rd period - Stopped by Jonathan Quick with a rebound.
3:38 of 3rd period - Snap shot by Sean Monahan.
3:38 of 3rd period - Stopped by Jonathan Quick with a rebound.
4:20 of 3rd period - Timo Meier is hit by Travis Hamonic and loses puck.
4:47 of 3rd period - Icing by Nicklas Backstrom.
4:48 of 3rd period - Anze Kopitar wins face-off versus William Karlsson in Blue Jackets zone.
5:05 of 3rd period - Wrist shot by Nicklas Backstrom.
5:05 of 3rd period - Deflect By William Karlsson.
5:05 of 3rd period - Stopped by Jonathan Quick with a rebound.
5:27 of 3rd period - Slapshot by Nicklas Backstrom.
5:27 of 3rd period - Shot Misses the Net.
5:29 of 3rd period - Snap shot by William Karlsson.
5:29 of 3rd period - Shot Misses the Net.
5:39 of 3rd period - Nicklas Backstrom is hit by Dalton Prout and loses puck.
6:02 of 3rd period - Snap shot by Zac Rinaldo.
6:02 of 3rd period - Deflect By William Karlsson.
6:02 of 3rd period - Shot Misses the Net.
6:02 of 3rd period - Puck is out of play.
6:03 of 3rd period - Miro Aaltonen wins face-off versus Bobby Ryan in Panthers zone.
6:03 of 3rd period - Miro Aaltonen is hit by Bobby Ryan.
6:38 of 3rd period - Icing by Jason Zucker.
6:39 of 3rd period - Mike Richards wins face-off versus Chris Bourque in Blue Jackets zone.
7:06 of 3rd period - Rickard Rakell is hit by Marek Svatos and loses puck.
7:25 of 3rd period - Erik Gudbranson is hit by Riley Sheahan and loses puck.
7:30 of 3rd period - Snap shot by Nicklas Backstrom.
7:30 of 3rd period - Deflect By Teuvo Teravainen.
7:30 of 3rd period - Stopped by Jonathan Quick without a rebound.
7:31 of 3rd period - Nicklas Backstrom wins face-off versus Anze Kopitar in Panthers zone.
7:38 of 3rd period - Wrist shot by Nicklas Backstrom.
7:38 of 3rd period - Stopped by Jonathan Quick with a rebound.
7:40 of 3rd period - Slapshot by Bryce Lampman.
7:40 of 3rd period - Shot Blocked by Dalton Prout.
7:42 of 3rd period - Snap shot by Teuvo Teravainen.
7:42 of 3rd period - Shot Blocked by Anze Kopitar.
8:13 of 3rd period - Mike Richards is hit by Erik Gudbranson and loses puck.
8:58 of 3rd period - Wrist shot by Miro Aaltonen.
8:58 of 3rd period - Deflect By Sean Monahan.
8:58 of 3rd period - Stopped by Michal Neuvirth with a rebound.
10:17 of 3rd period - Snap shot by Beau Bennett.
10:17 of 3rd period - Stopped by Michal Neuvirth with a rebound.
10:31 of 3rd period - Minor Penalty to Rickard Rakell for Holding.
10:32 of 3rd period - Kris Versteeg wins face-off versus Nicklas Backstrom in Blue Jackets zone.
10:59 of 3rd period - Miro Aaltonen is hit by Bobby Ryan and loses puck.
11:28 of 3rd period - Teuvo Teravainen is hit by Niklas Hansson and loses puck.
11:52 of 3rd period - Icing by Miro Aaltonen.
11:53 of 3rd period - Miro Aaltonen wins face-off versus Nicklas Backstrom in Panthers zone.
12:14 of 3rd period - Bobby Ryan is hit by Alexander Semin and loses puck.
12:31 of 3rd period - Penalty to Rickard Rakell is over, Rickard Rakell is back on ice.
12:43 of 3rd period - Wrist shot by Alex Iafallo.
12:43 of 3rd period - Stopped by Michal Neuvirth without a rebound.
12:44 of 3rd period - Mike Richards wins face-off versus Elias Lindholm in Blue Jackets zone.
13:09 of 3rd period - Shea Theodore is hit by Timo Meier and loses puck.
13:26 of 3rd period - Wrist shot by Jason Zucker.
13:26 of 3rd period - Shot Misses the Net.
13:28 of 3rd period - Slapshot by Shea Theodore.
13:28 of 3rd period - Shot Misses the Net.
13:30 of 3rd period - Wrist shot by Jason Zucker.
13:30 of 3rd period - Shot Misses the Net.
13:32 of 3rd period - Slapshot by Ben Chiarot.
13:32 of 3rd period - Shot Blocked by Quinton Howden.
13:34 of 3rd period - Slapshot by Mike Richards.
13:34 of 3rd period - Shot Blocked by Griffin Reinhart.
13:42 of 3rd period - Wrist shot by Jason Zucker.
13:42 of 3rd period - Deflect By Mikko Rantanen.
13:42 of 3rd period - Stopped by Jonathan Quick with a rebound.
13:44 of 3rd period - Wrist shot by Mike Richards.
13:44 of 3rd period - Shot Blocked by Morgan Ellis.
13:46 of 3rd period - Snap shot by Mike Richards.
13:46 of 3rd period - Stopped by Jonathan Quick without a rebound.
13:47 of 3rd period - Anze Kopitar wins face-off versus Nicklas Backstrom in Panthers zone.
13:49 of 3rd period - Minor Penalty to Alexander Semin for Hooking.
13:50 of 3rd period - Kris Versteeg wins face-off versus Nicklas Backstrom in Panthers zone.
13:50 of 3rd period - Kris Versteeg is hit by Nicklas Backstrom.
13:59 of 3rd period - Anze Kopitar is hit by Nicklas Backstrom and loses puck.
15:35 of 3rd period - Nicklas Backstrom is hit by Erik Gudbranson and loses puck.
15:49 of 3rd period - Penalty to Alexander Semin is over, Alexander Semin is back on ice.
15:52 of 3rd period - Wrist shot by Erik Gudbranson.
15:52 of 3rd period - Deflect By Mikko Rantanen.
15:52 of 3rd period - Stopped by Michal Neuvirth without a rebound.
15:53 of 3rd period - Miro Aaltonen wins face-off versus Mike Richards in Blue Jackets zone.
15:58 of 3rd period - Backhand shot by Miro Aaltonen.
15:58 of 3rd period - Goal by Miro Aaltonen - Panthers : 3 - Blue Jackets : 0.
15:59 of 3rd period - Nicklas Backstrom wins face-off versus Anze Kopitar in neutral zone.
16:04 of 3rd period - Snap shot by Alex Goligoski.
16:04 of 3rd period - Stopped by Michal Neuvirth with a rebound.
16:30 of 3rd period - Slapshot by Colton Parayko.
16:30 of 3rd period - Shot Blocked by Erik Gudbranson.
16:32 of 3rd period - Slapshot by Colton Parayko.
16:32 of 3rd period - Deflect By Sean Monahan.
16:32 of 3rd period - Shot Misses the Net.
16:32 of 3rd period - Puck is out of play.
16:33 of 3rd period - Miro Aaltonen wins face-off versus Sean Monahan in Panthers zone.
17:04 of 3rd period - Wrist shot by Niklas Hansson.
17:04 of 3rd period - Deflect By Jake McCabe.
17:04 of 3rd period - Stopped by Michal Neuvirth with a rebound.
17:22 of 3rd period - Wrist shot by Jason Zucker.
17:22 of 3rd period - Goal by Jason Zucker - Panthers : 3 - Blue Jackets : 1.
17:23 of 3rd period - Quinton Howden wins face-off versus Nicklas Backstrom in neutral zone.
17:28 of 3rd period - Slapshot by Alex Goligoski.
17:28 of 3rd period - Stopped by Michal Neuvirth with a rebound.
17:54 of 3rd period - Wrist shot by Kyle Okposo.
17:54 of 3rd period - Stopped by Michal Neuvirth with a rebound.
18:01 of 3rd period - Snap shot by Chris Bourque.
18:01 of 3rd period - Goal by Chris Bourque - Panthers : 4 - Blue Jackets : 1.
18:02 of 3rd period - Nicklas Backstrom wins face-off versus Anze Kopitar in neutral zone.
18:30 of 3rd period - Slapshot by Erik Gudbranson.
18:30 of 3rd period - Stopped by Michal Neuvirth with a rebound.
19:10 of 3rd period - Wrist shot by Nicklas Backstrom.
19:10 of 3rd period - Deflect By Riley Sheahan.
19:10 of 3rd period - Shot Misses the Net.
19:10 of 3rd period - Puck is out of play.
19:11 of 3rd period - Nicklas Backstrom wins face-off versus Elias Lindholm in Panthers zone.
19:12 of 3rd period - Backhand shot by Teuvo Teravainen.
19:12 of 3rd period - Stopped by Jonathan Quick without a rebound.
19:13 of 3rd period - Nicklas Backstrom wins face-off versus Kris Versteeg in Panthers zone.
19:14 of 3rd period - Wrist shot by Riley Sheahan.
19:14 of 3rd period - Shot Blocked by Niklas Hansson.
19:37 of 3rd period - Icing by Shea Theodore.
19:38 of 3rd period - Miro Aaltonen wins face-off versus Nicklas Backstrom in Blue Jackets zone.
19:39 of 3rd period - Slapshot by Chris Bourque.
19:39 of 3rd period - Stopped by Michal Neuvirth without a rebound.
19:40 of 3rd period - Miro Aaltonen wins face-off versus Nicklas Backstrom in Blue Jackets zone.
Goals for this period are 2 for Panthers vs 1 for Blue Jackets.
Shots for this period are 15 for Panthers vs 12 for Blue Jackets.